 Dungeon Crawl Stone Soup version 0.28.0-53-g5a82cb258f (webtiles) character file.

Game seed: 5083072374932911454

161 Peloso the Covered (level 5, -3/70 HPs)
             Began as a Minotaur Fighter on June 15, 2022.
             Was an Initiate of Okawaru.
             Slain by an orc
             ... wielding a +0 hand axe
              (5 damage)
             ... on level 4 of the Dungeon.
             The game lasted 00:07:11 (2666 turns).

Peloso the Covered (Minotaur Fighter)               Turns: 2666, Time: 00:07:12

Health: -3/70      AC:  7    Str: 21    XL:     5   Next: 18%
Magic:  4/4        EV:  9    Int:  5    God:    Okawaru [......]
Gold:   125        SH:  0    Dex: 11    Spells: 4/4 levels left

rFire   + . .      SeeInvis .   a - +0 long sword
rCold   + . .      Faith    .   c - +0 buckler
rNeg    . . .      Spirit   .   b - +0 scale mail
rPois   +          Reflect  .   (helmet restricted)
rElec   +          Harm     .   (no cloak)
rCorr   +          Rampage  .   (no gloves)
Will    +....                   (no boots)
Stlth   ..........              (no amulet)
HPRegen 0.21/turn               (no ring)
MPRegen 0.09/turn               (no ring)

@: confused, berserking, resistant, very quick
A: horns 2, retaliatory headbutt, high MP 1, strong-willed 1, poison resistance
a: Renounce Religion


You were on level 4 of the Dungeon.
You worshipped Okawaru.
Okawaru was noncommittal.
You visited 1 branch of the dungeon, and saw 4 of its levels.

You collected 125 gold pieces.

Inventory:

Hand Weapons
 a - a +0 long sword (weapon)
Armour
 b - a +0 scale mail (worn)
 c - a +0 buckler (worn)
Jewellery
 e - a ring of see invisible
 p - a ring of wizardry
Scrolls
 h - 8 scrolls of identify {unknown}
 i - a scroll of fear {unknown}
 j - a scroll of noise {unknown}
 l - a scroll of enchant weapon {unknown}
Potions
 d - a potion of might
 g - 2 potions of mutation
 k - a potion of resistance
 m - a potion of ambrosia {unknown}
 n - a potion of curing {unknown}
 o - a potion of degeneration {unknown}


   Skills:
 + Level 4.3 Fighting
 + Level 4.4 Long Blades
 + Level 4.6 Armour
 + Level 0.7 Dodging
 + Level 0.5 Stealth
 + Level 4.4 Shields


You had 4 spell levels left.
You didn't know any spells.
Your spell library contained the following spells:

 Spells                   Type           Power      Damage    Failure   Level
 Beastly Appendage        Tmut           0%         N/A       88%         1
 Wereblood                Tmut           0%         N/A       95%         2
 Spider Form              Tmut/Pois      0%         N/A       99%         3


Dungeon Overview and Level Annotations

Branches:
Dungeon (4/15)
 Temple: D:4-7

Altars:
Ashenzari
Okawaru


Innate Abilities, Weirdness & Mutations

You have a pair of horns on your head.
You reflexively headbutt those who attack you in melee.
You have an increased reservoir of magic. (+10% MP)
You are strong-willed. (Will+)
Your system is resistant to poisons. (rPois)


Message History

* * * LOW HITPOINT WARNING * * *
You miss something. Something hits you.
* * * LOW HITPOINT WARNING * * *
You slash something!
An orc wizard appears from thin air!
Reactivating autopickup.
The orc wizard hits you but does no damage.
You hit the orc wizard.
The orc wizard is almost dead.
The orc wizard casts a spell at you.
You are confused.
The orc wizard points at you and mumbles some strange words.
You are more confused.
You closely miss the orc wizard.
The orc wizard is almost dead.
The orc wizard barely misses you. The orc wizard casts a spell at you.
The puff of flame hits you.
* * * LOW HITPOINT WARNING * * *
The orc wizard hits you with a +0 dagger.
* * * LOW HITPOINT WARNING * * *
You closely miss the orc wizard.
The orc wizard is almost dead.
The orc wizard casts a spell at you. The puff of flame hits you!
* * * LOW HITPOINT WARNING * * *
You slash the orc wizard!
You kill the orc wizard!
Okawaru accepts your kill.
You have reached level 5!
It was a potion of mutation.
You feel extremely strange.
You feel more energetic.
You feel resistant to poisons.
You feel strong-willed. The orc hits you but does no damage.
It was a potion of resistance.
You feel protected. The orc barely misses you.
It was a potion of berserk rage.
A red film seems to cover your vision as you go berserk!
You feel yourself moving faster!
You feel mighty! The orc hits you with a +0 hand axe.
You die...

#.#.# ##..#..# #..
###.#.#..# #.. #
>#.##<#..# #.. ..
..###.#..# #.# ..
.####.#..# #####.##.#
.##...#..####.......
............#.###.##.#
###.###...).).)o@....#
#.##.#.########.####
#.#.###.# #.# #..##
#.. ..# #...# ### ###
####.# ..# ##


You could see an orc.

Vanquished Creatures
  2 orc wizards (D:4)
  2 adders
  A worm (D:3)
  4 dart slugs
  2 orcs (D:4)
  11 endoplasms
  3 giant cockroaches
  3 goblins (D:1)
  9 hobgoblins
  6 jackals
  6 kobolds
  3 quokkas (D:1)
  9 ball pythons
  8 bats
  5 frilled lizards
  4 rats
78 creatures vanquished.

Notes
Turn   | Place    | Note
-------+----------+-------------------------------------------
     0 | D:1      | Peloso the Minotaur Fighter began the quest for the Orb.
     0 | D:1      | Reached XP level 1. HP: 19/19 MP: 0/0
   167 | D:1      | Reached XP level 2. HP: 27/27 MP: 1/1
   491 | D:1      | Reached XP level 3. HP: 14/33 MP: 2/2
  1202 | D:2      | Found a faded altar of an unknown god.
  1551 | D:2      | Reached XP level 4. HP: 40/40 MP: 3/3
  1888 | D:3      | Found an iron altar of Okawaru.
  1896 | D:3      | Became a worshipper of Warmaster Okawaru
  2122 | D:3      | Found a broken altar of Ashenzari.
  2662 | D:4      | HP: 1/40 [orc wizard/puff of flame (7)]
  2664 | D:4      | Reached XP level 5. HP: 1/47 MP: 4/4
  2664 | D:4      | Gained mutation: You have an increased reservoir of magic.
                  | (+10% MP) [potion of mutation]
  2664 | D:4      | Gained mutation: Your system is resistant to poisons.
                  | (rPois) [potion of mutation]
  2664 | D:4      | Gained mutation: You are strong-willed. (Will+) [potion of
                  | mutation]
  2666 | D:4      | Slain by an orc

Illustrated notes

Levels and vault maps discovered:
D:1:      dpeg_arrival_orchard, layout_rooms, st_stairs_9
D:2:      layout_basic, chequers_ecumenical_altar_island
D:3:      layout_basic, okawaru_gym_becter, mainiacjoe_overflow_24_doors
D:4:      layout_loops_ring, led_xom_imps

Skill      XL: |  1  2  3  4 |
---------------+-------------+-----
Armour         | 4 |  4.6
Long Blades    | 3 4 |  4.4
Fighting       | 4 |  4.3
Shields        | 4 |  4.4
Dodging        | |  0.7
Stealth        | |  0.5

Action                   |  1- 3 |  4- 6 || total
-------------------------+-------+-------++-------
Melee: Long sword        |   107 |    86 ||   193
       Headbutt          |    11 |     8 ||    19
  Use: Potion            |       |     3 ||     3
Armor: Scale mail        |    51 |    62 ||   113
Dodge: Dodged            |    41 |    46 ||    87
Block: Buckler           |    28 |    26 ||    54
